← All builds
Tech / Armada / Economy first / OBSERVED BUILD

Standard tech

Standard Tech play: rush T2 factory and constructor by ~4:15-4:33, upgrade the first mexes to advanced, and hand off constructors and army to Geo and allies while scaling eco over the game.

Usually first T2 con to Geo (85%)

#eco #t2 #team support · 681 distinct matches · 101 players · 59% of Armada Tech games · team won 53% of 793 · Recently observed

HOW TO PLAY IT

Key timing: T2 lab by 4:15

  1. Take 3 mex, then wind and a Bot Lab to open eco fast.
  2. Push T2 lab out, aim to pass T2 to air player.
  3. Get first T2 constructor building, prioritize mex upgrades over eco.
  4. Finish Advanced Metal Extractor, keep upgrading team's mex.
  5. Add fus and anti-nuke, keep feeding T2 cons and Umbrella/Citadel to team.

Phase by phase

TYPICAL OF ITS 681 GAMES
  1. 1
  2. 2
  3. 3
  4. 4
PLAY THE OPENING

Follow the example game's first 6:00 step by step: what to build now, what comes next, and where it goes. At 1× it keeps pace with your own game.

  1. 1

    Up to the Bot Lab

    Economy
    • Metal Extractor3Mex
    • Wind Turbine4Wind
    Order
    1. Bot LabBot Lab after 3 mex, 4 winddone ~1:18, middle half 1:13–1:32

    Some games also: energy storage (30%)

    By 1:01 in all: 3 mex · 4 wind

    The example game in this phase · 4 steps
    1. Mex ×3
    2. Wind ×5
    3. Energy storage
    4. Bot LabBot Labdone 1:38 · typical 1:18
  2. 2

    Bot Lab to Advanced Bot Lab

    Economy
    • Metal Extractor1Mex
    • Wind Turbine8Wind
    • Energy Storage1Energy storage
    Order
    1. Advanced Bot LabAdvanced Bot Lab after 4 mex, 12 wind, 3 con turretdone ~4:15, middle half 4:04–4:27
    Builders
    • Construction Turret3 Con turret
    • Lazarus3 Lazarus
    • Construction Bot2 Con bot
    • Construction Bot1 Con bot for allies

    Some games also: converter (36%)

    By 3:20 in all: 4 mex · 12 wind · 1 energy storage · 3 con turret

    The example game in this phase · 14 steps
    1. Wind
    2. Construction BotCon bot
    3. Wind ×2
    4. Construction BotCon botfor Air
    5. Con turret
    6. Wind
    7. LazarusLazarus
    8. Con turret
    9. Mex
    10. LazarusLazarus ×2
    11. Wind ×2
    12. Con turret
    13. Wind ×7
    14. Advanced Bot LabAdvanced Bot Labdone 4:39 · typical 4:15
  3. 3

    Advanced Bot Lab to 5:00

    Economy
    • Wind Turbine2Wind
    Builders
    • Advanced Construction Bot1 T2 con bot for allies

    Some games also: converter (35%)

    By 5:00 in all: 4 mex · 15 wind · 2 converter · 1 energy storage · 3 con turret

    The example game in this phase · 2 steps
    1. Advanced Construction BotT2 con bot ×2for Geo
    2. Advanced Metal ExtractorT2 mexdone 5:16 · typical 5:28
  4. 4

    5:00 to 10:00

    Economy
    • Wind Turbine43Wind
    • Energy Converter5Converter
    Builders
    • Butler8 Butler
    • Advanced Construction Bot4 T2 con bot for allies
    • Advanced Construction Bot1 T2 con bot

    Some games also: con turret (46%) · Butler for allies (38%)

    By 10:00 in all: 4 mex · 58 wind · 7 converter · 1 energy storage · 3 con turret

    The example game in this phase · 122 steps
    1. SharpshooterSniper botfor Ponddone 5:52
    2. Advanced Metal ExtractorT2 mex
    3. SharpshooterSniper botfor Pond
    4. Advanced Construction BotT2 con botfor Pond
    5. ButlerButler ×2
    6. Advanced Metal ExtractorT2 mex
    7. Wind ×2
    8. Advanced Metal ExtractorT2 mex
    9. Wind ×2
    10. Advanced Construction BotT2 con botfor Geo sea
    11. Wind ×3
    12. Advanced Construction BotT2 con botfor Beach sea
    13. Wind ×2
    14. ButlerButler
    15. Wind
    16. ButlerButler
    17. Wind ×3
    18. ButlerButler ×2
    19. Wind
    20. ButlerButler
    21. Wind ×3
    22. Advanced Construction BotT2 con botfor Suicide front
    23. Wind ×15
    24. ButlerButler
    25. Wind ×3
    26. Converter
    27. Wind
    28. ButlerButler
    29. Wind
    30. Converter
    31. Wind ×2
    32. Converter
    33. Wind ×3
    34. ButlerButler
    35. Converter
    36. Wind ×2
    37. Converter
    38. Wind ×2
    39. Converter
    40. Wind ×3
    41. Advanced Construction BotT2 con bot
    42. Converter
    43. Wind ×3
    44. Converter
    45. Wind ×4
    46. Converter
    47. Wind ×3
    48. Converter
    49. Wind ×2
    50. Converter
    51. Wind ×2
    52. Converter
    53. Wind ×2
    54. Converter
    55. Wind ×3
    56. Converter
    57. Wind ×2
    58. Converter
    59. Wind ×3
    60. Converter
    61. Wind
    62. Converter
    63. Wind
    64. Converter
    65. CitadelAnti-nukedone 12:42
    66. Con turret
    67. Converter
    68. Con turret
    69. Converter
    70. Con turret ×3
    71. Metal storage
    72. TracerTracer
    73. Fusion ReactorFusiondone 12:31
    74. Con turret ×6
    75. T2 converter
    76. Con turret
    77. Wind ×4
    78. Con turret ×2
    79. Wind ×2
    80. T2 converter
    81. Con turret
    82. Wind ×6
    83. Con turret
    84. Wind ×3
    85. Con turret
    86. Wind ×3
    87. Con turret ×2
    88. Wind ×2
    89. Fusion ReactorFusion
    90. Wind
    91. Converter
    92. Con turret
    93. Wind ×3
    94. Converter
    95. Wind
    96. Converter
    97. Wind ×3
    98. Converter
    99. Con turret
    100. Wind ×3
    101. Converter
    102. Wind ×2
    103. Converter
    104. Wind ×3
    105. Converter
    106. Wind ×3
    107. Converter
    108. Wind ×3
    109. Converter
    110. Wind ×3
    111. Converter
    112. Wind ×2
    113. Converter
    114. Wind ×3
    115. Converter
    116. Wind ×4
    117. Converter
    118. Wind
    119. Converter
    120. Wind ×3
    121. Converter
    122. Wind ×2

Counts are medians over the build's games: half of them build more, half fewer. The example game is Amrissa's (38 OS, 21/09/2026); pick another.

Team trades

IN AT LEAST 30% OF ITS GAMES

You hand over

  • Construction Bot1 Con bot to Airfirst at 2:22 · in 88% of games
  • Advanced Construction Bot5 T2 con bot to Air or Pond or Geo seafirst at 4:46 · in 99% of games
  • Sharpshooter2 Sniper bot to Pondfirst at 5:23 · in 33% of games
  • Butler2 Butler to Geo sea or Beach sea or Pondfirst at 9:03 · in 42% of games

You get

  • Hercules1 Light transport from Airfirst at 3:59 · in 85% of games

How it plays out

Typical game of this build, running totals by minute

Metal produced

020k40k
0:005:0010:0015:00

metal

Enemy metal destroyed

0200400
0:005:0010:0015:00

metal

Own metal lost

0100200300
0:005:0010:0015:00

metal

793 games.

Show as table
ByMetal produced: This buildEnemy metal destroyed: This buildOwn metal lost: This build
1:0038300
2:0091500
3:00163500
4:00314800
5:00486300
6:00580700
7:00722000
8:00906100
9:001124700
10:001355300
11:001634200
12:001985000
13:002364400
14:0027360125130
15:0031473385260
WHAT THE NUMBERS SAY

This is the role's baseline and wins slightly more than half its games with a huge metal lead but almost no kills, showing its value is economic not combat.

  • + Produces 31389 metal by 15:00, far above other roles.
  • + Reaches T2 lab and constructor by 4:15-4:33 almost every game.
  • − Barely destroys any enemy metal (400 by 15:00), no combat presence.
  • − Fusion Reactor and anti-nuke only land in 44% of games.
THE EXAMPLE YOU ARE READING

Amrissa

38.3 OS · 21/09/2026

Open source match ↗

1 received units
2251 metal received · 71114 energy received

Allied construction assistance is unknown. Timings are observations, not a promise of solo reproducibility.

Typical milestones

Bot Lab1:18Middle 50%: 1:13–1:32 · n=793
Advanced Bot Lab4:15Middle 50%: 4:04–4:27 · n=787
Advanced Metal Extractor5:28Middle 50%: 5:06–5:58 · n=791

Played most by

Amrissa100games of this buildSyphos34games of this buildKOT_33games of this buildTeaner28games of this buildAdeus26games of this build